 Dungeon Crawl Stone Soup version 0.23.2-11-gf996548c65 (webtiles) character file.

Game seed: 1233414691003690516

81 KristianNielsen the Skirmisher (level 4, 0/41 HPs)
             Began as a Hill Orc Fighter on June 6, 2019.
             Slain by Terence
             ... wielding a +0 flail of draining
              (3 damage)
             ... on level 2 of the Dungeon.
             The game lasted 00:01:57 (1102 turns).

KristianNielsen the Skirmisher (Hill Orc Fighter)   Turns: 1102, Time: 00:01:57

Health: 0/41       AC:  7    Str: 19    XL:     4   Next: 40%
Magic:  0/4        EV:  6    Int:  8    God:
Gold:   81         SH:  7    Dex: 10    Spells: 3/3 levels left

rFire    . . .     SeeInvis .   a - +0 war axe
rCold    . . .     Gourm    .   c - +0 shield
rNeg     . . .     Faith    .   b - +0 scale mail
rPois    .         Spirit   +   (no helmet)
rElec    .         Reflect  .   e - scarf {Spirit}
rCorr    .         Harm     .   h - +0 pair of gloves
MR       .....                  (no boots)
Stlth    ..........             (no amulet)
HPRegen  0.13/turn              (no ring)
MPRegen  0.09/turn              (no ring)

@: very heavily drained
A: no striking features
a: no special abilities


You were on level 2 of the Dungeon.
You were not hungry.

You visited 1 branch of the dungeon, and saw 2 of its levels.

You collected 81 gold pieces.

Inventory:

Hand Weapons
 a - a +0 war axe (weapon)
Armour
 b - a +0 scale mail (worn)
 c - a +0 shield (worn)
 e - a scarf of spirit shield (worn)
 h - a +0 pair of gloves (worn)
Jewellery
 m - a cursed -4 ring of evasion {unknown}
 n - an uncursed amulet of the acrobat {unknown}
Scrolls
 k - a scroll of immolation {unknown}
 l - a scroll of remove curse {unknown}
Potions
 d - a potion of might
 i - a potion of magic {unknown}
 j - a potion of resistance {unknown}
Comestibles
 f - 2 rations
 g - 7 chunks of flesh


   Skills:
 + Level 4.6(1.4) Fighting
 + Level 4.0(0.9) Axes
 + Level 4.2(1.0) Armour
 - Level 3.2(0.2) Shields


You had 3 spell levels left.
You didn't know any spells.
Your spell library was empty.

Dungeon Overview and Level Annotations

Branches:
Dungeon (2/15)

Altars:

Annotations:
D:2 Terence


Message History

Your shield and scale mail prevent you from hitting something.
Something hits you but does no damage.
You feel drained.
You closely miss something. Something hits you.
You feel drained.
You closely miss something. You block something's attack.
You closely miss something. Something hits you.
You feel drained. Something hits you!
You feel drained.
You hit something but do no damage. Something hits you.
You feel drained.
You barely miss something. Something hits you.
You feel drained.
You closely miss something. Something hits you.
* * * LOW HITPOINT WARNING * * *
You feel drained.
* * * LOW HITPOINT WARNING * * *
Your shield and scale mail prevent you from hitting something.
Something hits you!
* * * LOW HITPOINT WARNING * * *
You feel drained.
* * * LOW HITPOINT WARNING * * *
You block something's attack.
You closely miss something. Something hits you.
You die...

###########
..........#####
#.........{@##########
#.#####.###.†.....)..#
#.# ##########.# ..<
#########.## .#.##
...........# .....
...........# .. ...
....####...# ##. ..#
## #...# ... ....
#...#


There were no monsters in sight!

Vanquished Creatures
  2 adders
  3 worms
  2 dart slugs (D:1)
  A leopard gecko (D:1)
  3 giant cockroaches
  5 goblins
  10 hobgoblins
  3 jackals (D:1)
  4 kobolds
  2 ball pythons (D:1)
  3 bats (D:1)
  3 frilled lizards
  4 rats (D:1)
45 creatures vanquished.

Notes
Turn   | Place    | Note
-------+----------+-------------------------------------------
     0 | D:1      | KristianNielsen the Hill Orc Fighter began the quest for
                  | the Orb.
     0 | D:1      | Reached XP level 1. HP: 19/19 MP: 1/1
    85 | D:1      | Reached XP level 2. HP: 24/27 MP: 2/2
   247 | D:1      | Reached XP level 3. HP: 33/33 MP: 3/3
   743 | D:2      | Reached XP level 4. HP: 40/41 MP: 2/4
  1076 | D:2      | Noticed Terence
  1101 | D:2      | HP: 2/41 [something (1)]
  1102 | D:2      | Slain by Terence

Skill      XL: |  1  2  3  4 |
---------------+-------------+-----
Axes           | 3 4 |  4.0
Fighting       | 4 |  4.6
Armour         | 4 |  4.2
Shields        | |  3.2

Action                   |  1- 3 |  4- 6 || total
-------------------------+-------+-------++-------
Melee: War axe           |   102 |    45 ||   147
  Eat: Chunk             |       |     1 ||     1
Armor: Scale mail        |    50 |    13 ||    63
Dodge: Dodged            |    44 |    10 ||    54
Block: Shield            |    54 |    17 ||    71
